 Dungeon Crawl Stone Soup version 0.31-a0-162-gc4c5a43528 (webtiles) character file.

Game seed: 8722908799044213570

5823 qw the Skirmisher (level 10, -10/64 HPs)
             Began as a Gargoyle Hunter on June 12, 2023.
             Was a Believer of Okawaru.
             Mangled by a yak (12 damage)
             ... on level 9 of the Dungeon.
             The game lasted 00:03:18 (8908 turns).

qw the Skirmisher (Gargoyle Hunter)                 Turns: 8908, Time: 00:03:19

Health: -10/64     AC: 17    Str: 16    XL:     10   Next: 80%
Magic:  13/13      EV: 15    Int:  9    God:    Okawaru [**....]
Gold:   474        SH:  0    Dex: 17    Spells: 9/9 levels left

rFire   + + .        Y - +0 orcbow (chaos)
rCold   + . .        (shield currently unavailable)
rNeg    + + .        n - +1 ring mail {rF+}
rPois   inf          (no helmet)
rElec   +            h - scarf {rC+ rF+}
rCorr   .            u - +1 pair of gloves {Stlth+}
SInv    +            (no boots)
Will    .....        (no amulet)
Stlth   ++++         k - ring of see invisible
HPRegen 0.30/turn    l - ring of positive energy
MPRegen 0.13/turn

%: no passive effects
@: heroic
A: sickness immunity, AC +7, negative energy resistance 1, electricity
resistance, torment resistance 1, petrification resistance
a: Renounce Religion, Heroism


You were on level 9 of the Dungeon.
You worshipped Okawaru.
Okawaru was pleased with you.
You visited 1 branch of the dungeon, and saw 9 of its levels.

You collected 474 gold pieces.


Innate Abilities, Weirdness & Mutations

You are immune to sickness and miasma.
Your stone body is resilient. (AC +7)
You are immune to poison.
You resist negative energy. (rN+)
You are resistant to electric shocks. (rElec)
You are resistant to unholy torment.
You are immune to petrification.


   Skills:
 + Level 8.0(13.0) Fighting
 - Level 13.0(18.0) Ranged Weapons
 - Level 4.8(9.8) Armour
 - Level 3.0(8.0) Dodging
 - Level 1.1(6.1) Stealth
 - Level 4.2 Invocations


You had 9 spell levels left.
You didn't know any spells.
Your spell library was empty.

Inventory:

Hand Weapons
 e - a +0 sling
 Y - a +0 orcbow of chaos (weapon)
Armour
 h - a scarf of resistance (worn)
 n - a +1 ring mail of fire resistance (worn)
 o - +0 steam dragon scales
 p - a +0 cloak
 r - +0 acid dragon scales
 u - a +1 pair of gloves of stealth (worn)
Jewellery
 b - an amulet of guardian spirit
 k - a ring of see invisible (left hand)
 l - a ring of positive energy (right hand)
 s - a ring of willpower
Wands
 v - a wand of digging (7)
Scrolls
 f - a scroll of identify
Potions
 a - a potion of lignification
 c - a potion of cancellation
 d - a potion of invisibility {unknown}
 g - a potion of mutation {unknown}
 i - a potion of degeneration {unknown}
 j - 3 potions of haste
 m - a potion of brilliance {unknown}
 q - a potion of curing

Dungeon Overview and Level Annotations

Branches:
Dungeon (9/15)             Temple (0/1) D:5            Lair (0/5) D:9
    Orc: D:9-12

Altars:
Cheibriados
Fedhas
Hepliaklqana
Kikubaaqudgha
Makhleb
Nemelex Xobeh
Okawaru
Yredelemnul
Zin


Message History

You shoot an arrow. The arrow hits the wight!
You destroy the wight!
Okawaru accepts your kill. The wight closely misses you.
The wight hits you but does no damage. x2
The yak barely misses you.
You shoot an arrow. The arrow hits the yak.
Lightning courses through the yak!
The yak is moderately wounded.
The wight closely misses you. x2
You shoot an arrow. The arrow closely misses the yak.
The arrow hits the plant.
The plant begins to die.
Nothing appears to happen.
The plant is lightly damaged.
The wight misses you. The wight hits you with a +0 falchion.
The yak closely misses you. x2; The wight hits you with a +0 battleaxe.
The wight completely misses you.
You shoot an arrow. The arrow hits the yak!
The arrow freezes the yak.
The yak is severely wounded.
The wight completely misses you. The yak gores you but does no damage.
The wight hits you with a +0 battleaxe. The wight completely misses you.
The wight closely misses you.
You shoot an arrow. The arrow hits the yak!
You kill the yak!
Okawaru accepts your kill. The wight barely misses you.
The wight hits you with a +0 scimitar!
The wight hits you but does no damage. x2; The yak gores you but does no damage.
Your base Ranged Weapons skill increases to level 13!
You shoot an arrow. The arrow barely misses the yak.
The arrow hits the plant!
The plant suddenly seems more resistant.
The plant is lightly damaged.
The wight closely misses you.
You shoot an arrow. The arrow hits the yak!!
The yak resists with significant effort.
The yak is heavily wounded.
A nearby plant withers and dies.
The wight misses you. x2; The yak gores you!
The wight hits you from afar with a +0 spear.
The yak closely misses you. The wight hits you with a +0 battleaxe.
You shoot an arrow. The arrow hits the yak.
The yak is heavily wounded.
The wight closely misses you. The wight completely misses you.
The yak barely misses you. The yak gores you!
You die...

#...##.........#
#...#...........
+...............
..###.......>.....
#................
#.####........P..
#. ##./.......#
....####Y....###
......z@zg......
.......YYY..<...
.......z.z......
................
................
................
................
...............


You could see 4 yaks, 4 wights and a gnoll.

Vanquished Creatures
  Harold (D:9)
  Maurice (D:8)
  A torpor snail (shapeshifter) (D:9)
  A wyvern (D:9)
  A wraith (D:8)
  A basilisk (D:9)
  2 steam dragons (D:7)
  2 yaks (D:9)
  2 acid dragons
  2 water moccasins
  4 black bears
  3 orc warriors (D:7)
  A centaur (D:6)
  A phantom (D:5)
  2 bullfrogs
  2 kobold brigands
  3 scorpions
  7 wights
  11 killer bees
  2 jellies
  2 hounds
  5 orc priests
  A gnoll bouda (D:4)
  4 iguanas
  12 orc wizards
  A mummy (D:4)
  8 gnolls
  10 adders
  4 shadow imps
  An ufetubus (D:5)
  5 dart slugs
  35 orcs
  10 ball pythons
  5 endoplasms
  A giant cockroach (D:2)
  3 goblins
  8 hobgoblins
  6 jackals
  11 kobolds
  4 quokkas
  6 bats
  A frilled lizard (D:2)
  2 hobgoblin zombies (D:4)
  A kobold zombie (D:4)
  An orc zombie (D:4)
  7 rats
204 creatures vanquished.

Vanquished Creatures (others)
  A human (D:6)
1 creature vanquished.

Grand Total: 205 creatures vanquished

Notes
Turn   | Place    | Note
-------+----------+-------------------------------------------
     0 | D:1      | qw the Gargoyle Hunter began the quest for the Orb.
     0 | D:1      | Reached XP level 1. HP: 12/12 MP: 1/1
     0 | D:1      | 0 ||| qw: Version: 0.2-a-29-gc1b59c4
     0 | D:1      | 0 ||| qw: Game counter: 4428
     0 | D:1      | 0 ||| qw: Always use a shield: true
     0 | D:1      | 0 ||| qw: God list: Okawaru
     0 | D:1      | 0 ||| qw: Allow faded altars: false
     0 | D:1      | 0 ||| qw: Do Orc after D:15 true
     0 | D:1      | 0 ||| qw: Do second Lair branch before Depths: true
     0 | D:1      | 0 ||| qw: Lair rune preference: random
     0 | D:1      | 0 ||| qw: Plans: Normal, Zot:1-4, Slime:5, God:TSO, Crypt,
                  | Tomb, Abyss, Pan, Hells, Win
     0 | D:1      | 0 ||| PLANNING D:1-11
   185 | D:1      | Reached XP level 2. HP: 17/17 MP: 2/2
   697 | D:1      | 697 ||| UPGRADING to +0 ring mail.
   707 | D:1      | 707 ||| DROPPING +0 leather armour.
   708 | D:1      | 708 ||| READING scroll labelled EDWUIRCH YFEA.
   709 | D:1      | 709 ||| READING scroll labelled GIT SUNGIMA.
   810 | D:1      | 810 ||| READING 2 scrolls labelled VESITA GAAH.
   811 | D:1      | 811 ||| READING scroll labelled VEAB XYSOU.
   812 | D:1      | 812 ||| READING scroll labelled JOBREE QUL MOA.
   813 | D:1      | 813 ||| READING scroll labelled JUKHLE DEXZOPE.
   814 | D:1      | 814 ||| DROPPING scroll of butterflies.
   826 | D:2      | Reached XP level 3. HP: 21/21 MP: 3/3
   837 | D:2      | Found a faded altar of an unknown god.
   892 | D:2      | Reached skill level 1 in Armour
   974 | D:2      | Reached skill level 5 in Ranged Weapons
  1287 | D:2      | 1287 ||| UPGRADING to amulet of guardian spirit.
  1292 | D:2      | 1292 ||| READING scroll labelled DUACACW MUIC.
  1295 | D:2      | 1295 ||| READING 3 scrolls of identify.
  1295 | D:2      | 1295 ||| IDENTIFYING fizzy green potion
  1333 | D:3      | 1333 ||| STAIRDANCE
  1337 | D:2      | Reached XP level 4. HP: 23/27 MP: 4/4
  1355 | D:3      | Reached skill level 3 in Fighting
  1461 | D:3      | Found a blossoming altar of Fedhas.
  1877 | D:3      | Noticed a kobold brigand
  1881 | D:3      | Killed a kobold brigand
  1882 | D:3      | Reached skill level 6 in Ranged Weapons
  1882 | D:3      | Reached XP level 5. HP: 32/32 MP: 5/5
  1941 | D:3      | Found a glowing silver altar of Zin.
  1986 | D:3      | 1986 ||| READING 2 scrolls of identify.
  1986 | D:3      | 1986 ||| IDENTIFYING sapphire potion
  2084 | D:4      | Found an iron altar of Okawaru.
  2085 | D:4      | 2085 ||| PLANNING OKAWARU WORSHIP
  2220 | D:4      | Reached XP level 6. HP: 37/38 MP: 4/6
  2298 | D:4      | Reached skill level 7 in Ranged Weapons
  2302 | D:4      | 2302 ||| Stepping ~*~*~tactically~*~*~ (outnumbered).
  2410 | D:4      | Reached XP level 7. HP: 18/43 MP: 1/7
  2410 | D:4      | 2410 ||| FLEEEEING.
  2417 | D:4      | 2417 ||| FLEEEEING.
  2418 | D:4      | 2418 ||| FLEEEEING.
  2419 | D:4      | 2419 ||| FLEEEEING.
  2422 | D:4      | 2422 ||| FLEEEEING.
  2665 | D:4      | Found a basalt altar of Yredelemnul.
  2667 | D:4      | Found a burning altar of Makhleb.
  2807 | D:4      | 2807 ||| READING scroll labelled ONGULUK KIO.
  2824 | D:4      | Became a worshipper of Warmaster Okawaru
  2824 | D:4      | 2824 ||| PLANNING D:1-11
  2825 | D:4      | 2825 ||| REMOVING amulet of guardian spirit.
  2944 | D:4      | 2944 ||| DRINKING 2 viscous yellow potions.
  2945 | D:4      | 2945 ||| READING 2 scrolls of identify.
  2945 | D:4      | 2945 ||| IDENTIFYING dark potion
  2953 | D:5      | Entered Level 5 of the Dungeon
  2956 | D:5      | Found a staircase to the Ecumenical Temple.
  3168 | D:5      | Found a hazy altar of Hepliaklqana.
  3255 | D:5      | 3255 ||| DRINKING potion of curing.
  3255 | D:5      | 3255 ||| (to cure confusion)
  3259 | D:5      | Reached skill level 8 in Ranged Weapons
  3718 | D:5      | Reached XP level 8. HP: 49/49 MP: 8/8
  3786 | D:5      | 3786 ||| UPGRADING to ring of see invisible.
  4052 | D:6      | HP: 10/49 [wight/+3 morningstar (18)]
  4053 | D:6      | 4053 ||| DRINKING potion of heal wounds.
  4055 | D:6      | Reached * piety under Okawaru
  4056 | D:6      | 4056 ||| INVOKING Heroism.
  4058 | D:6      | HP: 7/49 [wight/+3 morningstar (10)]
  4062 | D:6      | Reached skill level 9 in Ranged Weapons
  4281 | D:6      | 4281 ||| INVOKING Heroism.
  4287 | D:6      | Reached skill level 6 in Fighting
  4603 | D:6      | 4603 ||| INVOKING Heroism.
  4635 | D:6      | Found an ancient bone altar of Kikubaaqudgha.
  4892 | D:6      | 4892 ||| SWAPPING to +0 orcbow.
  4893 | D:6      | 4893 ||| DROPPING +0 shortbow of electrocution.
  4933 | D:6      | 4933 ||| UPGRADING to ring of positive energy.
  4934 | D:6      | 4934 ||| READING scroll labelled UVA MIZIELI.
  4935 | D:6      | 4935 ||| READING scroll labelled QOCKUDDIHI.
  4959 | D:7      | 4959 ||| INVOKING Heroism.
  5007 | D:7      | Reached skill level 1 in Invocations
  5007 | D:7      | Reached XP level 9. HP: 41/55 MP: 8/10
  5112 | D:7      | 5112 ||| INVOKING Heroism.
  5129 | D:7      | 5129 ||| INVOKING Heroism.
  5137 | D:7      | Reached skill level 10 in Ranged Weapons
  5139 | D:7      | Reached skill level 3 in Invocations
  5145 | D:7      | 5145 ||| INVOKING Heroism.
  5161 | D:7      | HP: 13/56 [steam dragon] (2)]
  5162 | D:7      | 5162 ||| DRINKING potion of heal wounds.
  5173 | D:7      | HP: 12/56 [something (3)]
  5377 | D:7      | 5377 ||| INVOKING Heroism.
  5696 | D:7      | 5696 ||| Stepping ~*~*~tactically~*~*~ (outnumbered).
  5703 | D:7      | 5703 ||| Stepping ~*~*~tactically~*~*~ (outnumbered).
  5714 | D:7      | Reached ** piety under Okawaru
  5759 | D:7      | 5759 ||| INVOKING Heroism.
  5760 | D:7      | 5760 ||| Stepping ~*~*~tactically~*~*~ (outnumbered).
  5977 | D:7      | Reached skill level 11 in Ranged Weapons
  6156 | D:7      | 6156 ||| FLEEEEING.
  6157 | D:7      | 6157 ||| FLEEEEING.
  6162 | D:7      | 6162 ||| FLEEEEING.
  6163 | D:7      | 6163 ||| FLEEEEING.
  6164 | D:7      | 6164 ||| FLEEEEING.
  6165 | D:7      | 6165 ||| FLEEEEING.
  6166 | D:7      | 6166 ||| FLEEEEING.
  6167 | D:7      | 6167 ||| FLEEEEING.
  6168 | D:7      | 6168 ||| FLEEEEING.
  6169 | D:7      | 6169 ||| FLEEEEING.
  6170 | D:7      | 6170 ||| FLEEEEING.
  6171 | D:7      | 6171 ||| FLEEEEING.
  6172 | D:7      | 6172 ||| FLEEEEING.
  6173 | D:7      | 6173 ||| FLEEEEING.
  6174 | D:7      | 6174 ||| FLEEEEING.
  6175 | D:7      | 6175 ||| FLEEEEING.
  6178 | D:7      | 6178 ||| STAIRDANCE
  6280 | D:6      | 6280 ||| UPGRADING to +1 ring mail of fire resistance.
  6290 | D:6      | 6290 ||| DROPPING +0 ring mail.
  6291 | D:6      | 6291 ||| UPGRADING to +0 cloak.
  6300 | D:7      | 6300 ||| STAIRDANCE
  6304 | D:6      | Reached skill level 3 in Dodging
  6430 | D:7      | 6430 ||| UPGRADING to scarf of resistance.
  6563 | D:8      | 6563 ||| INVOKING Heroism.
  6745 | D:8      | 6745 ||| INVOKING Heroism.
  6902 | D:8      | 6902 ||| FLEEEEING.
  6939 | D:8      | 6939 ||| Stepping ~*~*~tactically~*~*~ (outnumbered).
  6941 | D:8      | 6941 ||| Stepping ~*~*~tactically~*~*~ (outnumbered).
  6943 | D:8      | 6943 ||| INVOKING Heroism.
  6947 | D:8      | 6947 ||| Stepping ~*~*~tactically~*~*~ (outnumbered).
  6955 | D:8      | Reached XP level 10. HP: 64/64 MP: 11/13
  6969 | D:8      | 6969 ||| INVOKING Heroism.
  6987 | D:8      | 6987 ||| READING scroll of brand weapon.
  6987 | D:8      | 6987 ||| BRANDING +0 orcbow.
  7089 | D:8      | Noticed Maurice
  7101 | D:8      | 7101 ||| INVOKING Heroism.
  7103 | D:8      | Killed Maurice
  7314 | D:8      | Identified the +0 rapier "Iwelise" {flame, rC+ Dex+4}
  7984 | D:8      | 7984 ||| UPGRADING to +1 pair of gloves of stealth.
  7989 | D:8      | 7989 ||| READING scroll labelled HOGOBROUJOMN.
  7990 | D:8      | 7990 ||| READING scroll labelled OCOFOUDGHOF.
  7991 | D:8      | 7991 ||| DRINKING 2 clear potions.
  7992 | D:8      | 7992 ||| READING 2 scrolls of identify.
  7992 | D:8      | 7992 ||| IDENTIFYING lumpy grey potion
  7993 | D:8      | 7993 ||| DROPPING potion of enlightenment.
  8021 | D:9      | 8021 ||| STAIRDANCE
  8023 | D:8      | 8023 ||| INVOKING Heroism.
  8032 | D:8      | HP: 14/64 [wight/+0 falchion (5)]
  8033 | D:8      | 8033 ||| READING scroll of teleportation.
  8103 | D:8      | 8103 ||| FLEEEEING.
  8104 | D:8      | 8104 ||| FLEEEEING.
  8287 | D:9      | Noticed Harold
  8288 | D:9      | 8288 ||| INVOKING Heroism.
  8297 | D:9      | Killed Harold
  8449 | D:9      | Found a sparkling altar of Nemelex Xobeh.
  8459 | D:9      | Found a snail-covered altar of Cheibriados.
  8465 | D:9      | 8465 ||| INVOKING Heroism.
  8488 | D:9      | a steam dragon changed into a glowing shapeshifter
  8488 | D:9      | Noticed a glowing shapeshifter (glowing shapeshifter)
  8488 | D:9      | a glowing shapeshifter changed into a manticore
  8488 | D:9      | Noticed a manticore (glowing shapeshifter)
  8492 | D:9      | a manticore changed into a shining eye
  8492 | D:9      | Noticed a shining eye (glowing shapeshifter)
  8495 | D:9      | a shining eye changed into a glowing orange brain
  8495 | D:9      | Noticed a glowing orange brain (glowing shapeshifter)
  8499 | D:9      | a glowing orange brain changed into a torpor snail
  8499 | D:9      | Noticed a torpor snail (glowing shapeshifter)
  8500 | D:9      | a torpor snail changed into a deep troll
  8500 | D:9      | Noticed a deep troll (glowing shapeshifter)
  8502 | D:9      | a deep troll changed into a shock serpent
  8502 | D:9      | Noticed a shock serpent (glowing shapeshifter)
  8503 | D:9      | a shock serpent changed into a torpor snail
  8503 | D:9      | Noticed a torpor snail (glowing shapeshifter)
  8507 | D:9      | a torpor snail changed into a snapping turtle
  8510 | D:9      | a merfolk changed into a shock serpent
  8510 | D:9      | Noticed a shock serpent (glowing shapeshifter)
  8512 | D:9      | 8512 ||| INVOKING Heroism.
  8515 | D:9      | a shock serpent changed into a torpor snail
  8515 | D:9      | Noticed a torpor snail (glowing shapeshifter)
  8522 | D:9      | Killed a torpor snail
  8523 | D:9      | Reached skill level 12 in Ranged Weapons
  8659 | D:9      | 8659 ||| INVOKING Heroism.
  8667 | D:9      | HP: 15/64 [basilisk (13)]
  8675 | D:9      | HP: 10/64 [killer bee (3)]
  8679 | D:9      | 8679 ||| INVOKING Heroism.
  8683 | D:9      | HP: 9/64 [killer bee (3)]
  8869 | D:9      | Found a staircase to the Lair.
  8887 | D:9      | 8887 ||| INVOKING Heroism.
  8906 | D:9      | Reached skill level 13 in Ranged Weapons
  8907 | D:9      | HP: 13/64 [yak (12)]
  8907 | D:9      | HP: 2/64 [wight/+0 battleaxe (5)]
  8908 | D:9      | Mangled by a yak

Levels and vault maps discovered:
D:1:      wander_arrival_chamber, layout_basic, dreamdust_princess_corridor
D:2:      layout_loops_ring, hellmonk_ecumenical_altar_lost_god
D:3:      layout_loops_ring, mainiacjoe_overflow_alcove_1,
          mainiacjoe_overflow_cross_hatched
D:4:      layout_loops_ring, mainiacjoe_overflow_big_doors,
          mainiacjoe_overflow_catwalk, minmay_mini_ossuary
D:5:      layout_loops_corners, nicolae_overflow_crystal_walls,
          minmay_temple_entry_trees
D:6:      layout_basic, tgw_kikubaaqudgha
D:7:      layout_loops_ring, minmay_checkerbox
D:8:      layout_layer_cave, uniq_maurice
D:9:      layout_stronghold, mainiacjoe_overflow_boulevard, old_standard_altar,
          mainiacjoe_overflow_chevrons, david_lair_generic,
          chequers_serial_rivers_marsh, minivault_13, uniq_amaemon, uniq_harold

Skill      XL: |  1  2  3  4  5  6  7  8  9 10 |
---------------+-------------------------------+-----
Armour         | 1 2 4 |  4.8
Ranged Weapons | 5 6 7 8 9 11 13 | 13.0
Fighting       | 3 4 5 6 8 |  8.0
Dodging        | 2 3 |  3.0
Invocations    | 1 4 |  4.2
Stealth        | |  1.1

Action                     |  1- 3 |  4- 6 |  7- 9 | 10-12 || total
---------------------------+-------+-------+-------+-------++-------
   Fire: Shortbow          |   110 |   133 |   161 |       ||   404
         Orcbow            |       |       |   215 |   147 ||   362
 Invoke: Heroism           |       |       |    12 |     9 ||    21
    Use: Scroll            |     8 |     1 |     4 |     5 ||    18
         Potion            |       |       |     4 |     1 ||     5
 Armour: Leather armour    |     4 |       |       |       ||     4
         Ring mail         |     6 |    20 |    86 |    80 ||   192
  Dodge: Dodged            |    15 |    31 |   131 |   174 ||   351

Table legend:
 A = Non-vault XP
 B = Vault XP
 C = Vault XP percentage of total XP
 D = Non-vault monster count
 E = Vault monster count
 F = Vault count percentage of total count
                 A         B        C        D         E       F
            +---------+---------+-------+---------+---------+-------
      Total |    6007 |    2312 |  27.8 |     190 |      14 |   6.9
            +---------+---------+-------+---------+---------+-------
        D:1 |      33 |       0 |   0.0 |      19 |       0 |   0.0
        D:2 |      49 |       0 |   0.0 |      23 |       0 |   0.0
        D:3 |     151 |       0 |   0.0 |      17 |       0 |   0.0
        D:4 |     449 |      22 |   4.7 |      30 |       5 |  14.3
        D:5 |     564 |       0 |   0.0 |      18 |       0 |   0.0
        D:6 |     896 |       0 |   0.0 |      19 |       0 |   0.0
        D:7 |    1664 |     377 |  18.5 |      34 |       4 |  10.5
        D:8 |     588 |     503 |  46.1 |      15 |       1 |   6.2
        D:9 |    1613 |    1410 |  46.6 |      15 |       4 |  21.1
            +---------+---------+-------+---------+---------+-------
